 Dungeon Crawl Stone Soup version 0.21.1-1-g345015f (webtiles) character file.

35695 equalderp2856 the Severer (level 13, -2/118 HPs)
             Began as a Minotaur Fighter on May 4, 2018.
             Slain by Rupert
             ... wielding a +3 executioner's axe of holy wrath
              (41 damage)
             ... on level 1 of the Orcish Mines.
             The game lasted 00:58:38 (25056 turns).

equalderp2856 the Severer (Minotaur Fighter)       Turns: 25056, Time: 00:58:39

Health: -2/118     AC: 19    Str: 21    XL:     13   Next: 49%
Magic:  17/17      EV:  8    Int:  7    God:
Gold:   1086       SH: 14    Dex: 18    Spells: 12/12 levels left

rFire    + . .     SeeInvis .   I - +1 broad axe
rCold    . . .     Gourm    .   V - +2 shield {rF+}
rNeg     . . .     Faith    .   v - +0 plate armour
rPois    .         Spirit   .   (helmet restricted)
rElec    .         Reflect  .   G - +0 cloak {+Inv}
rCorr    .         Harm     .   (no gloves)
MR       .....                  q - +0 pair of boots
Stlth    ..........             Y - amulet of regeneration
HPRegen  0.69/turn              x - +2 ring of dexterity
MPRegen  0.15/turn              C - +3 ring of dexterity

@: about to teleport
A: retaliatory headbutt, horns 2
a: Evoke Invisibility


You were on level 1 of the Orcish Mines.
You were hungry.

You visited 3 branches of the dungeon, and saw 16 of its levels.
You also visited: Ice Cave.

You collected 1464 gold pieces.
You spent 378 gold pieces at shops.

Inventory:

Hand Weapons
 j - a +1 executioner's axe of venom
 y - a +4 war axe
 B - a +0 trident of protection
 I - a +1 broad axe (weapon)
 K - a +3 dagger of distortion
 X - a +2 war axe of freezing
Armour
 a - a +1 cloak of cold resistance
 b - a +0 scale mail
 c - a +0 shield
 q - a +0 pair of boots (worn)
 v - a +0 plate armour (worn)
 w - a +0 cloak
 G - a +0 cloak of invisibility (worn)
 V - a +2 shield of fire resistance (worn)
Jewellery
 d - an uncursed ring of ice
 p - a -4 ring of intelligence
 x - a +2 ring of dexterity (left hand)
 z - an uncursed ring of ice
 C - a +3 ring of dexterity (right hand)
 P - an uncursed amulet of rage
 U - an uncursed amulet of faith
 Y - an amulet of regeneration (around neck)
Wands
 A - a wand of acid (9)
 E - a wand of polymorph (29)
 H - a wand of iceblast (31)
 M - a wand of flame (7)
 Q - a wand of disintegration (2)
 W - a wand of enslavement (15)
Scrolls
 h - 4 scrolls of remove curse
 m - 3 scrolls of random uselessness
 r - a scroll of identify
 t - 3 scrolls of teleportation
 u - 2 scrolls of amnesia
 F - a scroll of enchant weapon
 J - 2 scrolls of blinking
 R - a scroll of fog
 T - a scroll of immolation
Potions
 e - 3 potions of curing
 g - 3 potions of magic
 i - 5 potions of ambrosia
 k - 2 potions of mutation
 l - 3 potions of degeneration {unknown}
 n - 3 potions of brilliance {unknown}
 o - 2 potions of lignification {unknown}
 s - 2 potions of flight {unknown}
 L - a potion of cancellation {unknown}
 N - a potion of invisibility {unknown}
 S - a potion of heal wounds
Books
 D - a book of Conjurations

   Spells                             Type                      Level
   a - Magic Dart                     Conjuration                  1
   b - Searing Ray                    Conjuration                  2
   c - Dazzling Spray                 Conjuration/Hexes            3
   d - Fulminant Prism                Conjuration/Hexes            4
   e - Force Lance                    Conjuration/Translocation    4
   f - Iskenderun's Mystic Blast      Conjuration                  4
 O - a book of Cantrips

   Spells                             Type                      Level
   a - Confusing Touch                Hexes                        1
   b - Animate Skeleton               Necromancy                   1
   c - Summon Small Mammal            Summoning                    1
   d - Apportation                    Translocation                1
 Z - a book of Frost

   Spells                             Type                      Level
   a - Freeze                         Ice                          1
   b - Throw Frost                    Conjuration/Ice              2
   c - Ozocubu's Armour               Charms/Ice                   3
   d - Throw Icicle                   Conjuration/Ice              4
   e - Summon Ice Beast               Ice/Summoning                4
Comestibles
 f - 10 rations


   Skills:
 + Level 12.1 Fighting
 + Level 15.9 Axes
 + Level 14.3 Armour
 + Level 3.6 Dodging
 + Level 1.1 Stealth
 + Level 8.8 Shields
 + Level 0.4 Unarmed Combat
 + Level 6.8 Evocations


You had 12 spell levels left.
You didn't know any spells.

Dungeon Overview and Level Annotations

Branches:
Dungeon (13/15)            Temple (0/1) D:7            Lair (1/6) D:10
    Orc (2/2) D:10            Elf (0/3) Orc:2
 Vaults: D:13-14

Altars:
Cheibriados
Dithmenos
Elyvilon
Hepliaklqana
Kikubaaqudgha
Okawaru
Qazlal
Uskayaw
Yredelemnul
The Shining One

Shops:
D:9 *   D:12 *   Orc:2 (*((*

Annotations:
Lair:1 AdmiralAndromeda's ghost, journeyman DDAr
Orc:1 Rupert
Orc:2 exclusion: 4 orange crystal statues


Innate Abilities, Weirdness & Mutations

You reflexively headbutt those who attack you in melee.
You have a pair of horns on your head.


Message History

Rupert closely misses you.
Things that are here:
a flail; a plate armour; a flail Rupert roars madly and goes into a rage!
Rupert goes berserk!
You bump into the rock wall.
You feel less confused.
Rupert hits you with an executioner's axe of holy wrath.
Okay, then.
Okay, then.
Okay, then.
You hear a shout!
Rupert hits you with an executioner's axe of holy wrath!!
As you read the scroll of teleportation, it crumbles to dust.
You feel strangely unstable.
Rupert hits you with an executioner's axe of holy wrath!!
Unknown command.
Rupert rages.
Rupert hits you with an executioner's axe of holy wrath!!!
You die...

###..#...(..............#.
##......[(#................
#.......)...........[[.....
##......#.............##...
##.....###....>........###.
#.....#.#..............#...
##.#.....#......#..........
##......@.................
##......@..........#..##.
#...#........##...#...#.
#........##...#....#....
##.#....##.#.##.........
####.......##..........
##.#.##.###........##
#...##### ##......[#. ##.##
#......... ### ##....#...


You could see Rupert (berserk).

Vanquished Creatures
  An orc warlord (D:10)
  2 tengu warriors (D:12)
  2 two-headed ogres
  Sonja (D:11)
  2 unseen horrors
  The ghost of p0werm0de the Grappler, a novice GrCK of Cheibriados (D:7)
  Pikel (D:3)
  2 deep elf magi (D:13)
  3 orc knights
  3 ugly things
  A necromancer (IceCv)
  An orc sorcerer (Orc:2)
  A cyclops (Orc:2)
  A manticore (D:13)
  The ghost of Akransas the Ruffian, a novice TrMo of Cheibriados (D:6)
  An ice statue (IceCv)
  A centaur zombie (D:13)
  Maurice (D:9)
  Psyche (D:10)
  A spiny frog (Lair:1)
  A black mamba (Lair:1)
  A rime drake (Lair:1)
  A kobold demonologist (D:12)
  10 freezing wraiths (IceCv)
  Grinder (D:6)
  7 trolls
  Prince Ribbit (D:8)
  A wolf spider simulacrum (IceCv)
  4 hippogriffs
  Sigmund (D:2)
  8 yaks (D:12)
  A wraith (D:13)
  Grum (D:9)
  A wyvern (D:12)
  Eustachio (D:5)
  A hungry ghost (D:12)
  A basilisk (D:13)
  A harpy simulacrum (D:13)
  A warg (Orc:2)
  A soldier ant (D:11)
  An acid dragon (D:12)
  A porcupine (Lair:1)
  2 hell hounds (D:10)
  A black bear (D:13)
  42 orc warriors
  A hornet zombie (D:13)
  17 ice beasts
  4 sky beasts
  9 ogres
  A slave (D:4)
  2 phantoms
  An eye of draining (D:9)
  A necrophage (D:13)
  4 wolves (D:9)
  17 centaurs
  4 bullfrogs
  Blork the orc (D:5)
  A wyvern zombie (D:10)
  A wyvern skeleton (D:12)
  5 scorpions
  A water moccasin skeleton (D:7)
  3 killer bees
  25 wights
  An electric eel (D:12)
  4 howler monkeys
  3 crimson imps
  3 draconian simulacra (IceCv)
  4 jellies
  Crazy Yiuf (D:5)
  13 orc priests
  3 bullfrog skeletons
  3 centaur skeletons
  4 hounds
  22 orc wizards
  Terence (D:2)
  Natasha (thrice) (D:2 D:1)
  5 iguanas
  3 troll simulacra (IceCv)
  A spriggan simulacrum (IceCv)
  12 worker ants
  3 polar bear simulacra (IceCv)
  2 centaur simulacra (IceCv)
  A hound skeleton (D:5)
  13 gnolls
  11 adders
  8 naga simulacra (IceCv)
  3 ogre simulacra (IceCv)
  12 white imps (IceCv)
  2 shadow imps
  An ooze (D:3)
  A worm (D:5)
  3 dart slugs
  5 leopard geckos
  81 orcs
  A bat zombie (D:9)
  3 giant cockroaches
  7 hobgoblins
  19 jackals
  4 quokkas
  5 bats
  5 frilled lizards
  11 goblins
  6 kobolds
  2 quokka skeletons
  5 rats
  3 rat zombies (D:9)
521 creatures vanquished.

Notes
Turn   | Place    | Note
-------+----------+-------------------------------------------
     0 | D:1      | equalderp2856 the Minotaur Fighter began the quest for the Orb.
     0 | D:1      | Reached XP level 1. HP: 19/19 MP: 0/0
   125 | D:1      | Reached XP level 2. HP: 25/27 MP: 1/1
   661 | D:2      | Reached XP level 3. HP: 34/34 MP: 2/2
  1058 | D:2      | Noticed Natasha
  1076 | D:2      | Killed Natasha
  1076 | D:2      | Reached skill level 3 in Axes
  1076 | D:2      | Reached XP level 4. HP: 13/41 MP: 3/3
  1275 | D:2      | Noticed Sigmund
  1281 | D:2      | Noticed Natasha
  1438 | D:1      | Killed Natasha
  1619 | D:1      | Noticed Natasha
  1627 | D:1      | Killed Natasha
  1627 | D:1      | Reached skill level 1 in Dodging
  1627 | D:1      | Reached XP level 5. HP: 44/47 MP: 4/4
  1647 | D:2      | Killed Sigmund
  1647 | D:2      | Reached skill level 4 in Axes
  1647 | D:2      | Reached skill level 5 in Armour
  1647 | D:2      | Reached XP level 6. HP: 53/53 MP: 5/5
  1820 | D:2      | Found a basalt altar of Yredelemnul.
  1926 | D:2      | Noticed Terence
  1933 | D:2      | Killed Terence
  1933 | D:2      | Reached skill level 5 in Axes
  2136 | D:3      | Found a snail-covered altar of Cheibriados.
  2531 | D:3      | Reached skill level 5 in Shields
  3082 | D:3      | Reached skill level 5 in Fighting
  3122 | D:4      | Reached XP level 7. HP: 60/61 MP: 6/6
  3302 | D:4      | Reached skill level 6 in Axes
  3709 | D:4      | Found a glowing golden altar of the Shining One.
  3966 | D:5      | Entered Level 5 of the Dungeon
  3968 | D:5      | Found a hazy altar of Hepliaklqana.
  3968 | D:5      | Found a stormy altar of Qazlal.
  4002 | D:5      | Found a hide-covered altar of Uskayaw.
  4043 | D:5      | Noticed Blork the orc
  4447 | D:5      | Killed Blork the orc
  4490 | D:5      | Noticed Eustachio
  4527 | D:5      | Reached XP level 8. HP: 52/69 MP: 7/7
  4530 | D:5      | Killed Eustachio
  4563 | D:5      | Found an iron altar of Okawaru.
  4586 | D:5      | Noticed a two-headed ogre
  4798 | D:3      | Reached skill level 7 in Axes
  5465 | D:5      | Found a runed door.
  5625 | D:5      | Noticed Crazy Yiuf
  5628 | D:5      | Killed Crazy Yiuf
  5714 | D:6      | Noticed Akransas's ghost (novice TrMo)
  5718 | D:6      | Noticed Grinder
  5802 | D:6      | Reached skill level 8 in Axes
  5898 | D:6      | Noticed Pikel
  6495 | D:6      | Found a white marble altar of Elyvilon.
  8597 | D:3      | Killed Pikel
  8597 | D:3      | Reached XP level 9. HP: 30/78 MP: 8/8
  9665 | D:6      | Killed Akransas's ghost
  9665 | D:6      | Reached skill level 9 in Axes
  9665 | D:6      | Reached skill level 10 in Armour
  9996 | D:6      | Paralysed by Grinder for 4 turns
 10005 | D:6      | Killed Grinder
 10894 | D:7      | Found a staircase to the Ecumenical Temple.
 10913 | D:7      | Noticed p0werm0de's ghost (novice GrCK)
 10929 | D:7      | Killed p0werm0de's ghost
 10929 | D:7      | Reached skill level 10 in Axes
 10929 | D:7      | Reached XP level 10. HP: 47/88 MP: 9/9
 11491 | D:7      | You fall through a shaft for 2 floors!
 11712 | D:8      | Noticed a two-headed ogre
 11721 | D:8      | Killed a two-headed ogre
 11721 | D:8      | Reached skill level 11 in Axes
 12538 | D:8      | Noticed Prince Ribbit
 12545 | D:8      | Killed Prince Ribbit
 13238 | D:9      | Noticed Grum
 13299 | D:9      | Killed Grum
 13387 | D:9      | Reached skill level 12 in Axes
 13389 | D:9      | Found a shadowy altar of Dithmenos.
 13429 | D:9      | Found an ancient bone altar of Kikubaaqudgha.
 13463 | D:9      | Noticed Maurice
 13476 | D:9      | Killed Maurice
 13531 | D:9      | Noticed a two-headed ogre
 13539 | D:9      | Killed a two-headed ogre
 13552 | D:9      | Found Jynafuig's General Store.
 13556 | D:9      | Bought a scroll of teleportation for 39 gold pieces
 13577 | D:9      | Reached XP level 11. HP: 91/99 MP: 10/10
 13707 | D:9      | Reached skill level 1 in Evocations
 13742 | D:10     | Entered Level 10 of the Dungeon
 13750 | D:10     | Noticed Psyche
 13991 | D:10     | Found a staircase to the Lair.
 14250 | D:10     | Found a staircase to the Orcish Mines.
 14447 | D:10     | Killed Psyche
 14565 | D:10     | Killed an unseen horror
 14565 | D:10     | Reached skill level 10 in Fighting
 14565 | D:10     | Reached skill level 13 in Axes
 15091 | Lair:1   | Entered Level 1 of the Lair of Beasts
 15140 | Lair:1   | Reached skill level 1 in Stealth
 15186 | Lair:1   | Noticed AdmiralAndromeda's ghost (journeyman DDAr)
 15862 | D:11     | Noticed a cyan ugly thing
 15873 | D:11     | Killed a cyan ugly thing
 16166 | D:11     | Noticed Sonja
 16532 | D:11     | Killed Sonja
 17084 | D:12     | Noticed a brown ugly thing
 17093 | D:12     | Killed a brown ugly thing
 17659 | D:12     | Found Lekhlecs's Assorted Antiques.
 17687 | D:12     | Bought a scroll labeled DAPYUT VUROL for 33 gold pieces
 17687 | D:12     | Bought a sapphire potion for 29 gold pieces
 17687 | D:12     | Bought a scroll labeled BAUPASH KINN for 33 gold pieces
 17687 | D:12     | Bought a scroll labeled LIKONY OROLAROW for 33 gold pieces
 17687 | D:12     | Bought a bubbling coppery potion for 29 gold pieces
 17857 | D:12     | Reached XP level 12. HP: 96/108 MP: 14/14
 18052 | D:13     | Reached skill level 14 in Axes
 18145 | D:13     | Noticed a tengu warrior
 18146 | D:13     | Noticed a tengu warrior
 18416 | D:12     | Killed a tengu warrior
 18714 | D:12     | Killed a tengu warrior
 18714 | D:12     | Reached skill level 5 in Evocations
 19868 | Orc:1    | Entered Level 1 of the Orcish Mines
 20446 | Orc:2    | Entered Level 2 of the Orcish Mines
 20464 | Orc:2    | Reached skill level 15 in Axes
 20559 | Orc:2    | Found a staircase to the Elven Halls.
 21054 | Orc:2    | Found a frozen archway.
 21107 | IceCv    | Entered an ice cave
 21273 | IceCv    | Reached XP level 13. HP: 116/116 MP: 16/16
 21548 | IceCv    | HP: 4/117 [freezing wraith (19)]
 21832 | IceCv    | Found an ancient bone altar of Kikubaaqudgha.
 23383 | Orc:2    | Noticed Rupert
 23388 | Orc:2    | Found Gedegugg's General Store.
 23388 | Orc:2    | Noticed an orc warlord
 23392 | Orc:2    | Found a runed door.
 23437 | Orc:2    | Paralysed by Rupert for 5 turns
 23973 | D:10     | Killed an orc warlord
 24147 | Orc:2    | Paralysed by Rupert for 4 turns
 24253 | Orc:2    | Found Puicwe's Assorted Antiques.
 24253 | Orc:2    | Found Qokeg's Antique Weapon Emporium.
 24255 | Orc:2    | Found Ycietz's Antique Weapon Shoppe.
 24257 | Orc:2    | Found Vociysac's Antique Weapon Shop.
 24328 | Orc:2    | Bought a potion of heal wounds for 70 gold pieces
 24328 | Orc:2    | Bought a potion of mutation for 112 gold pieces
 24369 | Orc:2    | Found a runed door.
 24540 | Orc:2    | Found the +10 large shield of Ignorance {rN+ Int-4}
 25033 | Orc:1    | Paralysed by Rupert for 6 turns
 25056 | Orc:1    | Slain by Rupert

Skill      XL: |  1  2  3  4  5  6  7  8  9 10 11 12 13 |
---------------+----------------------------------------+-----
Fighting       | 4 5 6 8 9 10 11 12 | 12.1
Armour         | 4 5 6 9 10 11 13 14 | 14.3
Shields        | 4 5 6 7 8 |  8.8
Axes           | 3 4 5 6 8 10 12 13 15 | 15.9
Dodging        | 1 2 3 |  3.6
Evocations     | 4 6 |  6.8
Stealth        | 1 |  1.1
Unarmed Combat | |  0.4

Action                   |  1- 3 |  4- 6 |  7- 9 | 10-12 | 13-15 || total
-------------------------+-------+-------+-------+-------+-------++-------
Melee: War axe           |    75 |   135 |   290 |   827 |   153 ||  1480
       Headbutt          |    13 |    26 |    70 |   232 |    96 ||   437
       Unarmed           |       |       |       |     8 |       ||     8
       Broad axe         |       |       |       |       |   178 ||   178
 Abil: Evoke Invisibilit |       |       |       |     1 |       ||     1
Evoke: Wand              |       |       |       |    10 |    27 ||    37
  Use: Potion            |       |       |     2 |     1 |     4 ||     7
       Scroll            |       |       |     1 |     8 |     9 ||    18
  Eat: Chunk             |       |     3 |     7 |    17 |     3 ||    30
       Ration            |       |     1 |     5 |     6 |     3 ||    15
Armor: Scale mail        |    34 |    53 |     9 |       |       ||    96
       Plate armour      |       |       |   229 |   498 |   133 ||   860
       Skin              |       |       |       |     4 |       ||     4
Dodge: Dodged            |    24 |    41 |   154 |   297 |    86 ||   602
Block: Shield            |    37 |   104 |    52 |   208 |   238 ||   639
